 Dungeon Crawl Stone Soup version 0.31-a0-675-g238779eb0a (webtiles) character file.

Game seed: 3024502644180302210

40 randomguy2701 the Trooper (level 3, -4/33 HPs)
             Began as a Hill Orc Fighter on Sept 6, 2023.
             Slain by a gnoll
             ... wielding a +0 halberd
              (11 damage)
             ... on level 2 of the Dungeon.
             The game lasted 00:01:47 (1043 turns).

randomguy2701 the Trooper (Hill Orc Fighter)        Turns: 1043, Time: 00:01:47

Health: -4/33      AC:  8    Str: 18    XL:     3   Next: 50%
Magic:  3/3        EV:  9    Int:  8    God:
Gold:   125        SH:  4    Dex: 12    Spells: 2/2 levels left

rFire   . . .        a - +0 war axe
rCold   . . .        c - +0 buckler
rNeg    . . .        b - +0 scale mail
rPois   .            i - +0 helmet
rElec   .            (no cloak)
rCorr   .            (no gloves)
SInv    .            (no boots)
Will    .....        (no amulet) Stlth
                     (no ring)
HPRegen 0.25/turn    (no ring)
MPRegen 0.08/turn

%: no passive effects
@: no status effects
A: no striking features
a: no special abilities


You were on level 2 of the Dungeon.
You visited 1 branch of the dungeon, and saw 2 of its levels.

You collected 125 gold pieces.

Inventory:

Hand Weapons
 a - a +0 war axe (weapon)
Armour
 b - a +0 scale mail (worn)
 c - a +0 buckler (worn)
 i - a +0 helmet (worn)
Scrolls
 e - 2 scrolls of identify {unknown}
 g - a scroll of teleportation {unknown}
 h - a scroll of poison {unknown}
 j - a scroll of brand weapon {unknown}
Potions
 d - 3 potions of might
 f - a potion of heal wounds {unknown}


   Skills:
 + Level 4.0 Fighting
 + Level 3.5 Axes
 + Level 3.7 Armour
 + Level 0.2 Dodging
 + Level 3.6 Shields


You had 2 spell levels left.
You didn't know any spells.
Your spell library was empty.

Dungeon Overview and Level Annotations

Branches:
Dungeon (2/15)

Altars:


Message History

The ball python constricts you.
You completely miss the ball python.
The ball python bites you but does no damage.
The ball python constricts you. You block the gnoll's attack.
You block the ball python's attack. The ball python constricts you.
The gnoll hits you from afar with a +0 halberd!
You hit the ball python.
The ball python is moderately wounded.
The ball python bites you. The ball python constricts you.
The gnoll hits you from afar with a +0 halberd!
* * * LOW HITPOINT WARNING * * *
You escape the ball python's grasp.
The gnoll attacks as it pursues you!
The gnoll hits you from afar with a +0 halberd.
* * * LOW HITPOINT WARNING * * *
The ball python bites you but does no damage.
The ball python closely misses you.
The ball python bites you but does no damage.
The ball python barely misses you. You block the ball python's attack.
The ball python closely misses you.
The ball python attacks as it pursues you!
The ball python closely misses you. You block the ball python's attack.
The ball python attacks as it pursues you!
The ball python bites you.
* * * LOW HITPOINT WARNING * * *
You block the ball python's attack. The gnoll attacks as it pursues you!
You block the gnoll's attack.
The ball python bites you but does no damage.
The ball python grabs you. The ball python constricts you.
You escape the ball python's grasp.
The ball python attacks as it pursues you!
The ball python bites you but does no damage.
The ball python closely misses you. The ball python bites you.
* * * LOW HITPOINT WARNING * * *
You block the ball python's attack. The gnoll attacks as it pursues you!
You block the gnoll's attack. The gnoll attacks as it pursues you!
The gnoll hits you from afar with a +0 halberd!
You die...

#..## #...##
#..g.# ##..###.#
#.K....#
###.######.#
#..g.......#
#.#S########
###.#@#
#...#.#######
#...........#
#..##.#####.#
#..##.## #.#
#..##..####.#
#..###.##...##
#..#
#[#.....######..#
#..#
#.#..<.).).......


You could see 2 gnolls, a ball python and a kobold.

Vanquished Creatures
  A gnoll (D:2)
  An adder (D:2)
  4 ball pythons
  2 endoplasms (D:2)
  4 giant cockroaches
  A hobgoblin (D:1)
  A kobold (D:2)
  3 bats
  A frilled lizard (D:2)
  3 goblins
21 creatures vanquished.

Notes
Turn   | Place    | Note
-------+----------+-------------------------------------------
     0 | D:1      | randomguy2701 the Hill Orc Fighter began the quest for the
                  | Orb.
     0 | D:1      | Reached XP level 1. HP: 19/19 MP: 1/1
   300 | D:1      | Reached XP level 2. HP: 23/27 MP: 2/2
   379 | D:1      | Found a faded altar of an unknown god.
   523 | D:2      | Reached skill level 4 in Fighting
   780 | D:1      | Reached XP level 3. HP: 20/33 MP: 3/3
  1043 | D:2      | Slain by a gnoll

Illustrated notes

Levels and vault maps discovered:
D:1:      dpeg_arrival_lava_altar, layout_rooms, basic_ecumenical_altar
D:2:      layout_loops_ring, nicolae_the_louvre

Skill      XL: |  1  2 |
---------------+-------+-----
Fighting       | 4 |  4.0
Axes           | 3 |  3.5
Armour         | |  3.7
Dodging        | |  0.2
Shields        | |  3.6

Action                     || total
---------------------------++-------
  Melee: War axe           ||    71
 Armour: Scale mail        ||   107
  Dodge: Dodged            ||    74
  Block: Buckler           ||    32

Table legend: (Time is in decaauts)
 A = Elapsed time spent in this place.
 B = Non-inter-level travel time spent in this place.
 C = Inter-level travel time spent in this place.
 D = Time resting spent in this place.
 E = Time spent auto-exploring this place.
 F = Levels seen in this place.
 G = Mean time per level.
                   A        B        C        D        E       F      G
               +--------+--------+--------+--------+--------+-----+--------+
         Total |   1070 |    979 |     91 |      0 |    667 |   2 |  535.0 |
       Dungeon |   1070 |    979 |     91 |      0 |    667 |   2 |  535.0 |
               +--------+--------+--------+--------+--------+-----+--------+

Top non-repeatable levels by time:
     D:1: 622 daAuts
     D:2: 448 daAuts
